 Dungeon Crawl Stone Soup version 0.30-a0-373-gd37427bb62 (webtiles) character file.

Game seed: 1630612661728123913

263 greenreed the Magician (level 5, -5/28 HPs)
             Began as a Deep Elf Summoner on Nov 24, 2022.
             Was an Initiate of Hepliaklqana.
             Slain by a river rat (7 damage)
             ... on level 4 of the Dungeon.
             The game lasted 00:15:10 (3542 turns).

greenreed the Magician (Deep Elf Summoner)          Turns: 3542, Time: 00:15:11

Health: -5/28      AC:  4    Str:  5    XL:     5   Next: 97%
Magic:  15/15      EV: 13    Int: 22    God:    Hepliaklqana [......]
Gold:   185        SH:  0    Dex: 15    Spells: 9/15 levels left

rFire   . . .      SeeInvis .    p - +0 sling
rCold   . . .      Faith    .    (no shield)
rNeg    . . .      Spirit   .    a - +0 robe
rPois   .          Reflect  .    (no helmet)
rElec   .          Harm     .    (no cloak)
rCorr   .          Rampage  .    c - +0 pair of gloves
Will    .....                    w - +0 pair of boots
Stlth   +.........               (no amulet)
HPRegen 0.24/turn                (no ring)
MPRegen 0.14/turn                (no ring)

@: very slow
A: no striking features
a: Renounce Religion


You were on level 4 of the Dungeon.
You worshipped Hepliaklqana.
Hepliaklqana was noncommittal.
You visited 1 branch of the dungeon, and saw 4 of its levels.

You collected 185 gold pieces.

Inventory:

Hand Weapons
 p - a +0 sling (weapon)
Armour
 a - a +0 robe (worn)
 c - a +0 pair of gloves (worn)
 w - a +0 pair of boots (worn)
Wands
 u - a wand of flame (21)
Scrolls
 d - a scroll of poison {unknown}
 e - a scroll of immolation {unknown}
 f - a scroll of vulnerability
 h - a scroll of teleportation {unknown}
 k - 2 scrolls of fear
 s - a scroll of enchant armour {unknown}
 t - 2 scrolls of blinking
 v - a scroll of enchant weapon {unknown}
Potions
 b - a potion of magic
 g - a potion of attraction {unknown}
 i - a potion of brilliance {unknown}
 j - 2 potions of ambrosia {unknown}
 l - a potion of cancellation {unknown}
 m - a potion of degeneration
 n - 2 potions of curing
 o - a potion of heal wounds
 q - a potion of might {unknown}
 r - a potion of mutation {unknown}


   Skills:
 + Level 0.3 Fighting
 + Level 2.6 Ranged Weapons
 + Level 2.7 Dodging
 + Level 2.8 Stealth
 * Level 5.8 Spellcasting
 * Level 5.8 Summonings


You had 9 spell levels left.
You knew the following spells:

 Your Spells              Type           Power      Damage    Failure   Level
a - Summon Small Mammal   Summ           100%       N/A       1%          1
b - Call Imp              Summ           32%        N/A       1%          2
c - Call Canine Familiar  Summ           32%        N/A       2%          3

Your spell library contained the following spells:

 Spells                   Type           Power      Damage    Failure   Level
 Summon Guardian Golem    Hex/Summ       19%        N/A       9%          3
 Apportation              Tloc           12%        N/A       10%         1
 Freeze                   Ice            24%        1d4       10%         1
 Magic Dart               Conj           24%        1d4       10%         1
 Necrotise                Necr           24%        1d5       10%         1
 Searing Ray              Conj           12%        2d4       14%         2
 Frozen Ramparts          Ice            12%        1d2       28%         3
 Hailstorm                Conj/Ice       6%         3d4       28%         3
 Summon Lightning Spire   Summ/Air       19%        N/A       28%         4
 Fulminant Prism          Conj/Hex       3%         3d5       67%         4


Dungeon Overview and Level Annotations

Branches:
Dungeon (4/15)
 Temple: D:4-7

Altars:
Fedhas
Hepliaklqana
Trog
Zin

Shops:
D:2 *   D:3 [

Portals:
Sewer: D:4


Message History

The worm barely misses you.
You shoot a sling bullet. The sling bullet hits the rat.
You kill the rat!
The rat barely misses you. The river rat closely misses you.
The river rat completely misses you. The river rat bites you.
The river rat bites you but does no damage.
The kobold hits you with a +0 short sword.
The river rat barely misses you. The river rat misses you.
The rat twitches its whiskers.
The rat barely misses you.
The kobold hits you with a +0 short sword.
You see here a rat corpse.
You shoot a sling bullet.
The sling bullet closely misses the kobold.
The river rat barely misses you. The river rat closely misses you.
The rat misses you. The kobold completely misses you.
The worm bites you but does no damage.
You shoot a sling bullet.
The sling bullet barely misses the kobold.
The rat splashes around in the water.
The river rat barely misses you. The river rat bites you.
The river rat misses you. The rat bites you but does no damage.
The kobold misses you. The river rat bites you! The river rat bites you.
The rat bites you. The river rat closely misses you.
You shoot a sling bullet.
The sling bullet closely misses the kobold.
The rat splashes around in the water.
The kobold barely misses you. The worm barely misses you.
The river rat closely misses you. x2
The rat bites you. The river rat bites you.
You shoot a sling bullet. The sling bullet hits the kobold.
The kobold is severely wounded.
The rat bites you but does no damage. The kobold barely misses you.
The river rat misses you. The river rat closely misses you. The rat misses you.
The river rat closely misses you. The worm bites you!
* * * LOW HITPOINT WARNING * * *
The rat bites you but does no damage. The kobold completely misses you.
You shoot a sling bullet.
The sling bullet closely misses the kobold.
The rat closely misses you. The river rat bites you!
You die...

#.# #.# #.#
###########.#
#........##.#
#~~~......#.#
#..~~~......#
#~~~rrw..##.#
#'###@r.....#
#~~~Krr...###
#~∩~#~...##
#~~~#~~..#
### ######


You could see a worm, 3 river rats, a kobold and 2 rats.

Vanquished Creatures
  A gnoll (D:3)
  An orc (D:3)
  4 endoplasms
  2 goblins (D:4)
  2 hobgoblins
  A jackal (D:3)
  A ball python (D:3)
  A bat (D:3)
  A frilled lizard (D:3)
  2 kobolds
  4 rats
20 creatures vanquished.

Vanquished Creatures (collateral kills)
  A phantom (D:4)
  A necrophage (D:4)
  3 gnolls
  2 adders
  A worm (D:2)
  4 orcs
  2 ball pythons (D:1)
  4 bats (D:1)
  3 endoplasms (D:1)
  3 giant cockroaches
  4 goblins
  4 hobgoblins
  A jackal (D:3)
  2 frilled lizards (D:1)
  3 kobolds
  6 rats
44 creatures vanquished.

Vanquished Creatures (others)
  A plant (D:2)
1 creature vanquished.

Grand Total: 65 creatures vanquished

Notes
Turn   | Place    | Note
-------+----------+-------------------------------------------
     0 | D:1      | greenreed the Deep Elf Summoner began the quest for the
                  | Orb.
     0 | D:1      | Reached XP level 1. HP: 10/10 MP: 6/6
   277 | D:1      | Reached XP level 2. HP: 9/15 MP: 4/8
   450 | D:1      | Reached skill level 5 in Summonings
   557 | D:1      | Reached XP level 3. HP: 16/19 MP: 7/10
   954 | D:2      | Found a glowing silver altar of Zin.
   972 | D:2      | Found Jilonyum's Assorted Antiques.
  1686 | D:3      | Found Gotumukh's Antique Armour Shop.
  1708 | D:3      | Learned a level 2 spell: Call Imp
  1712 | D:3      | Learned a level 3 spell: Call Canine Familiar
  1800 | D:3      | Reached XP level 4. HP: 18/24 MP: 9/12
  1908 | D:3      | Found a blossoming altar of Fedhas.
  1965 | D:3      | Found a bloodstained altar of Trog.
  2553 | D:3      | Reached skill level 1 in Ranged Weapons
  2556 | D:3      | Reached skill level 5 in Spellcasting
  2913 | D:4      | Noticed a phantom
  2932 | D:4      | Noticed a necrophage
  2954 | D:4      | Killed a necrophage
  2955 | D:4      | Reached XP level 5. HP: 28/28 MP: 8/14
  2980 | D:4      | Killed a phantom
  3475 | D:4      | Found a hazy altar of Hepliaklqana.
  3480 | D:4      | Became a worshipper of Hepliaklqana the Forgotten
  3530 | D:4      | Found a glowing drain.
  3541 | D:4      | HP: 1/28 [worm (10)]
  3542 | D:4      | Slain by a river rat

Illustrated notes

Levels and vault maps discovered:
D:1:      psy_arrival_statuary, layout_rooms
D:2:      layout_basic, serial_shops, nicolae_shop_advertising_works
          [nicolae_subvault_shop_adworks], basic_altar, serial_bayou,
          serial_bayou_lake_a, serial_bayou_pond_b, serial_bayou_pond_c,
          serial_bayou_shore_b, serial_bayou_pond_c
D:3:      layout_basic, fedhas_altar_fruit_tree,
          mainiacjoe_overflow_tiny_flanked, serial_shops, shop,
          minmay_stone_trees_small, minmay_misc_feat_more_columns,
          nrook_loot_triangle
D:4:      layout_basic, nzn_hepliaklqana_mist_gate, portal_sewer_entry_e

Skill      XL: |  1  2  3  4 |
---------------+-------------+-----
Summonings     | 5 |  5.8
Spellcasting   | 4 5 |  5.8
Ranged Weapons | 2 |  2.6
Fighting       | |  0.3
Dodging        | |  2.7
Stealth        | |  2.8

Action                   |  1- 3 |  4- 6 || total
-------------------------+-------+-------++-------
 Fire: Sling             |    19 |    67 ||    86
 Cast: Summon Small Mamm |    62 |    14 ||    76
       Call Canine Famil |       |     2 ||     2
       Call Imp          |       |     1 ||     1
  Use: Scroll            |       |     3 ||     3
       Potion            |       |     3 ||     3
Armor: Robe              |    17 |    12 ||    29
Dodge: Dodged            |    47 |    48 ||    95

Table legend: (Time is in decaauts)
 A = Elapsed time spent in this place.
 B = Non-inter-level travel time spent in this place.
 C = Inter-level travel time spent in this place.
 D = Time resting spent in this place.
 E = Time spent auto-exploring this place.
 F = Levels seen in this place.
 G = Mean time per level.
                   A        B        C        D        E       F      G
               +--------+--------+--------+--------+--------+-----+--------+
         Total |   3625 |   3339 |    286 |    103 |   2302 |   4 |  906.2 |
       Dungeon |   3625 |   3339 |    286 |    103 |   2302 |   4 |  906.2 |
               +--------+--------+--------+--------+--------+-----+--------+

Top non-repeatable levels by time:
     D:3: 1335 daAuts
     D:2: 893 daAuts
     D:1: 805 daAuts
     D:4: 591 daAuts
